Workbook
Name canales: Listas!$G$2:$G$6
Name estados_comerciales: Listas!$D$2:$D$9
Name ids_clientes: Clientes!$A$2:INDEX(Clientes!$A:$A,COUNTA(Clientes!$A:$A))
Name origenes: Listas!$B$2:$B$12
Name responsables: Listas!$C$2:$C$4
Name resultados: Listas!$H$2:$H$10
Name satisfaccion: Listas!$E$2:$E$6
Name tipos_actividad: Listas!$F$2:$F$9
Name tipos_registro: Listas!$A$2:$A$5

Sheet Panel
B2: Base de datos de clientes
B4: Panel operativo: revisa métricas, agenda y ficha rápida sin salir del archivo. | P4: Plantilla editable · sin macros
B6: Uso recomendado: 1) añade o edita clientes en 'Clientes' 2) registra cada contacto en 'Actividad' 3) vuelve aquí para priorizar seguimientos
B10: Total registros | E10: Seguimientos vencidos | H10: Previsión ponderada | K10: Clientes activos | N10: Leads abiertos
B11: =COUNTA(Clientes!$A$2:$A$500) -> 16 | E11: =COUNTIF(Clientes!$S$2:$S$500,"Vencido") -> 3 | H11: =SUM(Clientes!$U$2:$U$500) -> 116915 | K11: =COUNTIF(Clientes!$C$2:$C$500,"Cliente")+COUNTIF(Clientes!$C$2:$C$500,"Cliente recurrente") -> 4 | N11: =COUNTIFS(Clientes!$C$2:$C$500,"Lead",Clientes!$M$2:$M$500,"<>Ganado",Clientes!$M$2:$M$500,"<>Perdido") -> 10
B14: Ficha rápida | K14: Próximos seguimientos
B16: Selecciona ID | C16: CL-001 | K16: Fecha | L16: ID | M16: Empresa | N16: Resp. | O16: Estado
K17: =IFERROR(INDEX(Clientes!$Q$2:$Q$500,MATCH(1,Clientes!$Y$2:$Y$500,0)),"") -> 46126 | L17: =IFERROR(INDEX(Clientes!$A$2:$A$500,MATCH(1,Clientes!$Y$2:$Y$500,0)),"") -> CL-014 | M17: =IFERROR(INDEX(Clientes!$D$2:$D$500,MATCH(1,Clientes!$Y$2:$Y$500,0)),"") -> Senda Hoteles Boutique | N17: =IFERROR(INDEX(Clientes!$L$2:$L$500,MATCH(1,Clientes!$Y$2:$Y$500,0)),"") -> Javier | O17: =IFERROR(INDEX(Clientes!$S$2:$S$500,MATCH(1,Clientes!$Y$2:$Y$500,0)),"") -> Hoy
B18: Empresa | E18: =IFERROR(INDEX(Clientes!$D$2:$D$500,MATCH($C$16,Clientes!$A$2:$A$500,0)),"") -> Ámbar Eventos Sostenibles | K18: =IFERROR(INDEX(Clientes!$Q$2:$Q$500,MATCH(2,Clientes!$Y$2:$Y$500,0)),"") -> 46127 | L18: =IFERROR(INDEX(Clientes!$A$2:$A$500,MATCH(2,Clientes!$Y$2:$Y$500,0)),"") -> CL-010 | M18: =IFERROR(INDEX(Clientes!$D$2:$D$500,MATCH(2,Clientes!$Y$2:$Y$500,0)),"") -> Lumen Media House | N18: =IFERROR(INDEX(Clientes!$L$2:$L$500,MATCH(2,Clientes!$Y$2:$Y$500,0)),"") -> Elena | O18: =IFERROR(INDEX(Clientes!$S$2:$S$500,MATCH(2,Clientes!$Y$2:$Y$500,0)),"") -> Próx. 7 días
B19: Contacto | E19: =IFERROR(INDEX(Clientes!$E$2:$E$500,MATCH($C$16,Clientes!$A$2:$A$500,0)),"") -> Lucía Ferrer | K19: =IFERROR(INDEX(Clientes!$Q$2:$Q$500,MATCH(3,Clientes!$Y$2:$Y$500,0)),"") -> 46128 | L19: =IFERROR(INDEX(Clientes!$A$2:$A$500,MATCH(3,Clientes!$Y$2:$Y$500,0)),"") -> CL-002 | M19: =IFERROR(INDEX(Clientes!$D$2:$D$500,MATCH(3,Clientes!$Y$2:$Y$500,0)),"") -> Nexo Legal Urbano | N19: =IFERROR(INDEX(Clientes!$L$2:$L$500,MATCH(3,Clientes!$Y$2:$Y$500,0)),"") -> Javier | O19: =IFERROR(INDEX(Clientes!$S$2:$S$500,MATCH(3,Clientes!$Y$2:$Y$500,0)),"") -> Próx. 7 días
B20: Estado | E20: =IFERROR(INDEX(Clientes!$M$2:$M$500,MATCH($C$16,Clientes!$A$2:$A$500,0)),"") -> Ganado | K20: =IFERROR(INDEX(Clientes!$Q$2:$Q$500,MATCH(4,Clientes!$Y$2:$Y$500,0)),"") -> 46129 | L20: =IFERROR(INDEX(Clientes!$A$2:$A$500,MATCH(4,Clientes!$Y$2:$Y$500,0)),"") -> CL-007 | M20: =IFERROR(INDEX(Clientes!$D$2:$D$500,MATCH(4,Clientes!$Y$2:$Y$500,0)),"") -> Faro Retail Lab | N20: =IFERROR(INDEX(Clientes!$L$2:$L$500,MATCH(4,Clientes!$Y$2:$Y$500,0)),"") -> Elena | O20: =IFERROR(INDEX(Clientes!$S$2:$S$500,MATCH(4,Clientes!$Y$2:$Y$500,0)),"") -> Próx. 7 días
B21: Responsable | E21: =IFERROR(INDEX(Clientes!$L$2:$L$500,MATCH($C$16,Clientes!$A$2:$A$500,0)),"") -> Elena | K21: =IFERROR(INDEX(Clientes!$Q$2:$Q$500,MATCH(5,Clientes!$Y$2:$Y$500,0)),"") -> 46130 | L21: =IFERROR(INDEX(Clientes!$A$2:$A$500,MATCH(5,Clientes!$Y$2:$Y$500,0)),"") -> CL-003 | M21: =IFERROR(INDEX(Clientes!$D$2:$D$500,MATCH(5,Clientes!$Y$2:$Y$500,0)),"") -> Prisma AgroLab | N21: =IFERROR(INDEX(Clientes!$L$2:$L$500,MATCH(5,Clientes!$Y$2:$Y$500,0)),"") -> Laura | O21: =IFERROR(INDEX(Clientes!$S$2:$S$500,MATCH(5,Clientes!$Y$2:$Y$500,0)),"") -> Próx. 7 días
B22: Último contacto | E22: =IFERROR(INDEX(Clientes!$P$2:$P$500,MATCH($C$16,Clientes!$A$2:$A$500,0)),"") -> 46120 | K22: =IFERROR(INDEX(Clientes!$Q$2:$Q$500,MATCH(6,Clientes!$Y$2:$Y$500,0)),"") -> 46134 | L22: =IFERROR(INDEX(Clientes!$A$2:$A$500,MATCH(6,Clientes!$Y$2:$Y$500,0)),"") -> CL-012 | M22: =IFERROR(INDEX(Clientes!$D$2:$D$500,MATCH(6,Clientes!$Y$2:$Y$500,0)),"") -> Kairós Talento Digital | N22: =IFERROR(INDEX(Clientes!$L$2:$L$500,MATCH(6,Clientes!$Y$2:$Y$500,0)),"") -> Laura | O22: =IFERROR(INDEX(Clientes!$S$2:$S$500,MATCH(6,Clientes!$Y$2:$Y$500,0)),"") -> Planificado
B23: Próximo seguimiento | E23: =IFERROR(INDEX(Clientes!$Q$2:$Q$500,MATCH($C$16,Clientes!$A$2:$A$500,0)),"") -> 46150 | K23: =IFERROR(INDEX(Clientes!$Q$2:$Q$500,MATCH(7,Clientes!$Y$2:$Y$500,0)),"") -> 46141 | L23: =IFERROR(INDEX(Clientes!$A$2:$A$500,MATCH(7,Clientes!$Y$2:$Y$500,0)),"") -> CL-009 | M23: =IFERROR(INDEX(Clientes!$D$2:$D$500,MATCH(7,Clientes!$Y$2:$Y$500,0)),"") -> Puerto Azul Cowork | N23: =IFERROR(INDEX(Clientes!$L$2:$L$500,MATCH(7,Clientes!$Y$2:$Y$500,0)),"") -> Javier | O23: =IFERROR(INDEX(Clientes!$S$2:$S$500,MATCH(7,Clientes!$Y$2:$Y$500,0)),"") -> Planificado
B24: Nivel foco | E24: =IFERROR(INDEX(Clientes!$W$2:$W$500,MATCH($C$16,Clientes!$A$2:$A$500,0)),"") -> Medio | K24: =IFERROR(INDEX(Clientes!$Q$2:$Q$500,MATCH(8,Clientes!$Y$2:$Y$500,0)),"") -> 46149 | L24: =IFERROR(INDEX(Clientes!$A$2:$A$500,MATCH(8,Clientes!$Y$2:$Y$500,0)),"") -> CL-013 | M24: =IFERROR(INDEX(Clientes!$D$2:$D$500,MATCH(8,Clientes!$Y$2:$Y$500,0)),"") -> Marea Legal Hub | N24: =IFERROR(INDEX(Clientes!$L$2:$L$500,MATCH(8,Clientes!$Y$2:$Y$500,0)),"") -> Elena | O24: =IFERROR(INDEX(Clientes!$S$2:$S$500,MATCH(8,Clientes!$Y$2:$Y$500,0)),"") -> Planificado
B27: Estado comercial | C27: Total | E27: Origen | F27: Total | H27: Nivel foco | I27: Total | K27: Responsable | L27: Vencidos
B28: Sin contactar | C28: =COUNTIF(Clientes!$M$2:$M$500,B28) -> 1 | E28: Web | F28: =COUNTIF(Clientes!$K$2:$K$500,E28) -> 2 | H28: Alto | I28: =COUNTIF(Clientes!$W$2:$W$500,H28) -> 1 | K28: Elena | L28: =COUNTIFS(Clientes!$L$2:$L$500,K28,Clientes!$S$2:$S$500,"Vencido") -> 1
B29: Contactado | C29: =COUNTIF(Clientes!$M$2:$M$500,B29) -> 2 | E29: LinkedIn | F29: =COUNTIF(Clientes!$K$2:$K$500,E29) -> 2 | H29: Medio | I29: =COUNTIF(Clientes!$W$2:$W$500,H29) -> 11 | K29: Javier | L29: =COUNTIFS(Clientes!$L$2:$L$500,K29,Clientes!$S$2:$S$500,"Vencido") -> 1
B30: Reunión agendada | C30: =COUNTIF(Clientes!$M$2:$M$500,B30) -> 2 | E30: Instagram | F30: =COUNTIF(Clientes!$K$2:$K$500,E30) -> 1 | H30: Bajo | I30: =COUNTIF(Clientes!$W$2:$W$500,H30) -> 4 | K30: Laura | L30: =COUNTIFS(Clientes!$L$2:$L$500,K30,Clientes!$S$2:$S$500,"Vencido") -> 1
B31: Propuesta enviada | C31: =COUNTIF(Clientes!$M$2:$M$500,B31) -> 2 | E31: Email outbound | F31: =COUNTIF(Clientes!$K$2:$K$500,E31) -> 1
B32: Negociación | C32: =COUNTIF(Clientes!$M$2:$M$500,B32) -> 2 | E32: Llamada fría | F32: =COUNTIF(Clientes!$K$2:$K$500,E32) -> 1
B33: Ganado | C33: =COUNTIF(Clientes!$M$2:$M$500,B33) -> 4 | E33: Referido | F33: =COUNTIF(Clientes!$K$2:$K$500,E33) -> 3
B34: Pausado | C34: =COUNTIF(Clientes!$M$2:$M$500,B34) -> 2 | E34: Webinar | F34: =COUNTIF(Clientes!$K$2:$K$500,E34) -> 2
B35: Perdido | C35: =COUNTIF(Clientes!$M$2:$M$500,B35) -> 1 | E35: Evento propio | F35: =COUNTIF(Clientes!$K$2:$K$500,E35) -> 1

Sheet Clientes
A1: ID Cliente | B1: Fecha alta | C1: Tipo registro | D1: Nombre / empresa | E1: Persona contacto | F1: Cargo | G1: Email | H1: Teléfono | I1: Provincia | J1: Sector | K1: Origen | L1: Responsable | M1: Estado comercial | N1: Valor potencial (€) | O1: Probabilidad | P1: Último contacto | Q1: Próximo seguimiento | R1: Días sin contacto | S1: Estado seguimiento | T1: Satisfacción | U1: Previsión ponderada (€) | V1: Índice prioridad | W1: Nivel foco | X1: Notas | Y1: Orden agenda
A2: CL-001 | B2: 45979 | C2: Cliente | D2: Ámbar Eventos Sostenibles | E2: Lucía Ferrer | F2: Compras | G2: lucia.ferrer@ambareventos.es | H2: 658 411 203 | I2: Valencia | J2: Hostelería | K2: Referido | L2: Elena | M2: Ganado | N2: 12000 | O2: 1 | P2: =IF($A2="","",IF(COUNTIF(Actividad!$B$2:$B$500,$A2)=0,"",LOOKUP(2,1/(Actividad!$B$2:$B$500=$A2),Actividad!$A$2:$A$500))) -> 46120 | Q2: =IF($A2="","",IF(COUNTIFS(Actividad!$B$2:$B$500,$A2,Actividad!$G$2:$G$500,"<>")=0,"",LOOKUP(2,1/((Actividad!$B$2:$B$500=$A2)*(Actividad!$G$2:$G$500<>"")),Actividad!$G$2:$G$500))) -> 46150 | R2: =IF(OR($A2="",$P2=""),"",TODAY()-$P2) -> 6 | S2: =IF($A2="","",IF(OR($M2="Perdido",$M2="Pausado",$C2="Excliente"),"Sin fecha",IF($Q2="","Sin fecha",IF($Q2<TODAY(),"Vencido",IF($Q2=TODAY(),"Hoy",IF($Q2<=TODAY()+7,"Próx. 7 días","Planificado")))))) -> Planificado | T2: 5 | U2: =IF($A2="","",ROUND($N2*$O2,0)) -> 12000 | V2: =IF($A2="","",MIN(100,ROUND(($O2*45)+IF($S2="Vencido",30,IF($S2="Hoy",25,IF($S2="Próx. 7 días",15,0)))+IF($N2>=15000,20,IF($N2>=8000,15,IF($N2>=3000,10,5))),0))) -> 60 | W2: =IF($A2="","",IF($C2="Excliente","Bajo",IF($V2>=75,"Alto",IF($V2>=50,"Medio","Bajo")))) -> Medio | X2: Cuenta activa con espacio para upselling en otoño. | Y2: =IF(OR($A2="",$Q2="",$Q2<TODAY(),$S2="Vencido"),"",COUNTIFS($Q$2:$Q$500,">="&TODAY(),$Q$2:$Q$500,"<"&$Q2)+COUNTIF($Q$2:$Q2,$Q2)) -> 9
A3: CL-002 | B3: 46059 | C3: Lead | D3: Nexo Legal Urbano | E3: Marta Olid | F3: Socia | G3: marta.olid@nexourbano.es | H3: 646 120 318 | I3: Madrid | J3: Servicios profesionales | K3: LinkedIn | L3: Javier | M3: Reunión agendada | N3: 8500 | O3: 0.45 | P3: =IF($A3="","",IF(COUNTIF(Actividad!$B$2:$B$500,$A3)=0,"",LOOKUP(2,1/(Actividad!$B$2:$B$500=$A3),Actividad!$A$2:$A$500))) -> 46117 | Q3: =IF($A3="","",IF(COUNTIFS(Actividad!$B$2:$B$500,$A3,Actividad!$G$2:$G$500,"<>")=0,"",LOOKUP(2,1/((Actividad!$B$2:$B$500=$A3)*(Actividad!$G$2:$G$500<>"")),Actividad!$G$2:$G$500))) -> 46128 | R3: =IF(OR($A3="",$P3=""),"",TODAY()-$P3) -> 9 | S3: =IF($A3="","",IF(OR($M3="Perdido",$M3="Pausado",$C3="Excliente"),"Sin fecha",IF($Q3="","Sin fecha",IF($Q3<TODAY(),"Vencido",IF($Q3=TODAY(),"Hoy",IF($Q3<=TODAY()+7,"Próx. 7 días","Planificado")))))) -> Próx. 7 días | T3: 3 | U3: =IF($A3="","",ROUND($N3*$O3,0)) -> 3825 | V3: =IF($A3="","",MIN(100,ROUND(($O3*45)+IF($S3="Vencido",30,IF($S3="Hoy",25,IF($S3="Próx. 7 días",15,0)))+IF($N3>=15000,20,IF($N3>=8000,15,IF($N3>=3000,10,5))),0))) -> 50 | W3: =IF($A3="","",IF($C3="Excliente","Bajo",IF($V3>=75,"Alto",IF($V3>=50,"Medio","Bajo")))) -> Medio | X3: Valoran piloto de 3 sesiones para equipo jurídico. | Y3: =IF(OR($A3="",$Q3="",$Q3<TODAY(),$S3="Vencido"),"",COUNTIFS($Q$2:$Q$500,">="&TODAY(),$Q$2:$Q$500,"<"&$Q3)+COUNTIF($Q$2:$Q3,$Q3)) -> 3
A4: CL-003 | B4: 46044 | C4: Lead | D4: Prisma AgroLab | E4: Hugo Sanz | F4: Operaciones | G4: hugo.sanz@prismaagrolab.es | H4: 621 734 110 | I4: Zaragoza | J4: Agroalimentario | K4: Feria sectorial | L4: Laura | M4: Propuesta enviada | N4: 16000 | O4: 0.65 | P4: =IF($A4="","",IF(COUNTIF(Actividad!$B$2:$B$500,$A4)=0,"",LOOKUP(2,1/(Actividad!$B$2:$B$500=$A4),Actividad!$A$2:$A$500))) -> 46124 | Q4: =IF($A4="","",IF(COUNTIFS(Actividad!$B$2:$B$500,$A4,Actividad!$G$2:$G$500,"<>")=0,"",LOOKUP(2,1/((Actividad!$B$2:$B$500=$A4)*(Actividad!$G$2:$G$500<>"")),Actividad!$G$2:$G$500))) -> 46130 | R4: =IF(OR($A4="",$P4=""),"",TODAY()-$P4) -> 2 | S4: =IF($A4="","",IF(OR($M4="Perdido",$M4="Pausado",$C4="Excliente"),"Sin fecha",IF($Q4="","Sin fecha",IF($Q4<TODAY(),"Vencido",IF($Q4=TODAY(),"Hoy",IF($Q4<=TODAY()+7,"Próx. 7 días","Planificado")))))) -> Próx. 7 días | T4: 4 | U4: =IF($A4="","",ROUND($N4*$O4,0)) -> 10400 | V4: =IF($A4="","",MIN(100,ROUND(($O4*45)+IF($S4="Vencido",30,IF($S4="Hoy",25,IF($S4="Próx. 7 días",15,0)))+IF($N4>=15000,20,IF($N4>=8000,15,IF($N4>=3000,10,5))),0))) -> 64 | W4: =IF($A4="","",IF($C4="Excliente","Bajo",IF($V4>=75,"Alto",IF($V4>=50,"Medio","Bajo")))) -> Medio | X4: Piden adaptar la propuesta a dos plantas y no a una. | Y4: =IF(OR($A4="",$Q4="",$Q4<TODAY(),$S4="Vencido"),"",COUNTIFS($Q$2:$Q$500,">="&TODAY(),$Q$2:$Q$500,"<"&$Q4)+COUNTIF($Q$2:$Q4,$Q4)) -> 5
A5: CL-004 | B5: 46067 | C5: Lead | D5: Brisa Clínica Integral | E5: Alicia Pardo | F5: Gerencia | G5: alicia.pardo@brisaclinica.es | H5: 689 015 224 | I5: Málaga | J5: Salud | K5: Web | L5: Elena | M5: Contactado | N5: 6000 | O5: 0.3 | P5: =IF($A5="","",IF(COUNTIF(Actividad!$B$2:$B$500,$A5)=0,"",LOOKUP(2,1/(Actividad!$B$2:$B$500=$A5),Actividad!$A$2:$A$500))) -> 46101 | Q5: =IF($A5="","",IF(COUNTIFS(Actividad!$B$2:$B$500,$A5,Actividad!$G$2:$G$500,"<>")=0,"",LOOKUP(2,1/((Actividad!$B$2:$B$500=$A5)*(Actividad!$G$2:$G$500<>"")),Actividad!$G$2:$G$500))) -> 46117 | R5: =IF(OR($A5="",$P5=""),"",TODAY()-$P5) -> 25 | S5: =IF($A5="","",IF(OR($M5="Perdido",$M5="Pausado",$C5="Excliente"),"Sin fecha",IF($Q5="","Sin fecha",IF($Q5<TODAY(),"Vencido",IF($Q5=TODAY(),"Hoy",IF($Q5<=TODAY()+7,"Próx. 7 días","Planificado")))))) -> Vencido | T5: 3 | U5: =IF($A5="","",ROUND($N5*$O5,0)) -> 1800 | V5: =IF($A5="","",MIN(100,ROUND(($O5*45)+IF($S5="Vencido",30,IF($S5="Hoy",25,IF($S5="Próx. 7 días",15,0)))+IF($N5>=15000,20,IF($N5>=8000,15,IF($N5>=3000,10,5))),0))) -> 54 | W5: =IF($A5="","",IF($C5="Excliente","Bajo",IF($V5>=75,"Alto",IF($V5>=50,"Medio","Bajo")))) -> Medio | X5: Esperan aprobación interna para avanzar. | Y5: =IF(OR($A5="",$Q5="",$Q5<TODAY(),$S5="Vencido"),"",COUNTIFS($Q$2:$Q$500,">="&TODAY(),$Q$2:$Q$500,"<"&$Q5)+COUNTIF($Q$2:$Q5,$Q5))
A6: CL-005 | B6: 46001 | C6: Lead | D6: Atlas Verde Coop | E6: Diego Peris | F6: Dirección General | G6: diego.peris@atlasverde.coop | H6: 611 401 892 | I6: Bilbao | J6: Industria | K6: Referido | L6: Javier | M6: Negociación | N6: 22000 | O6: 0.75 | P6: =IF($A6="","",IF(COUNTIF(Actividad!$B$2:$B$500,$A6)=0,"",LOOKUP(2,1/(Actividad!$B$2:$B$500=$A6),Actividad!$A$2:$A$500))) -> 46102 | Q6: =IF($A6="","",IF(COUNTIFS(Actividad!$B$2:$B$500,$A6,Actividad!$G$2:$G$500,"<>")=0,"",LOOKUP(2,1/((Actividad!$B$2:$B$500=$A6)*(Actividad!$G$2:$G$500<>"")),Actividad!$G$2:$G$500))) -> 46122 | R6: =IF(OR($A6="",$P6=""),"",TODAY()-$P6) -> 24 | S6: =IF($A6="","",IF(OR($M6="Perdido",$M6="Pausado",$C6="Excliente"),"Sin fecha",IF($Q6="","Sin fecha",IF($Q6<TODAY(),"Vencido",IF($Q6=TODAY(),"Hoy",IF($Q6<=TODAY()+7,"Próx. 7 días","Planificado")))))) -> Vencido | T6: 4 | U6: =IF($A6="","",ROUND($N6*$O6,0)) -> 16500 | V6: =IF($A6="","",MIN(100,ROUND(($O6*45)+IF($S6="Vencido",30,IF($S6="Hoy",25,IF($S6="Próx. 7 días",15,0)))+IF($N6>=15000,20,IF($N6>=8000,15,IF($N6>=3000,10,5))),0))) -> 84 | W6: =IF($A6="","",IF($C6="Excliente","Bajo",IF($V6>=75,"Alto",IF($V6>=50,"Medio","Bajo")))) -> Alto | X6: Propuesta alta en valor; revisan calendario y alcance. | Y6: =IF(OR($A6="",$Q6="",$Q6<TODAY(),$S6="Vencido"),"",COUNTIFS($Q$2:$Q$500,">="&TODAY(),$Q$2:$Q$500,"<"&$Q6)+COUNTIF($Q$2:$Q6,$Q6))
A7: CL-006 | B7: 45932 | C7: Cliente | D7: Órbita Formación Abierta | E7: Sandra Leiva | F7: People Manager | G7: sandra.leiva@orbitaformacion.es | H7: 655 300 877 | I7: Sevilla | J7: Educación | K7: Webinar | L7: Laura | M7: Ganado | N7: 9500 | O7: 1 | P7: =IF($A7="","",IF(COUNTIF(Actividad!$B$2:$B$500,$A7)=0,"",LOOKUP(2,1/(Actividad!$B$2:$B$500=$A7),Actividad!$A$2:$A$500))) -> 46111 | Q7: =IF($A7="","",IF(COUNTIFS(Actividad!$B$2:$B$500,$A7,Actividad!$G$2:$G$500,"<>")=0,"",LOOKUP(2,1/((Actividad!$B$2:$B$500=$A7)*(Actividad!$G$2:$G$500<>"")),Actividad!$G$2:$G$500))) -> 46172 | R7: =IF(OR($A7="",$P7=""),"",TODAY()-$P7) -> 15 | S7: =IF($A7="","",IF(OR($M7="Perdido",$M7="Pausado",$C7="Excliente"),"Sin fecha",IF($Q7="","Sin fecha",IF($Q7<TODAY(),"Vencido",IF($Q7=TODAY(),"Hoy",IF($Q7<=TODAY()+7,"Próx. 7 días","Planificado")))))) -> Planificado | T7: 5 | U7: =IF($A7="","",ROUND($N7*$O7,0)) -> 9500 | V7: =IF($A7="","",MIN(100,ROUND(($O7*45)+IF($S7="Vencido",30,IF($S7="Hoy",25,IF($S7="Próx. 7 días",15,0)))+IF($N7>=15000,20,IF($N7>=8000,15,IF($N7>=3000,10,5))),0))) -> 60 | W7: =IF($A7="","",IF($C7="Excliente","Bajo",IF($V7>=75,"Alto",IF($V7>=50,"Medio","Bajo")))) -> Medio | X7: Cliente satisfecho; posibilidad de renovación anual. | Y7: =IF(OR($A7="",$Q7="",$Q7<TODAY(),$S7="Vencido"),"",COUNTIFS($Q$2:$Q$500,">="&TODAY(),$Q$2:$Q$500,"<"&$Q7)+COUNTIF($Q$2:$Q7,$Q7)) -> 10
A8: CL-007 | B8: 46114 | C8: Lead | D8: Faro Retail Lab | E8: Iván Montero | F8: Expansión | G8: ivan.montero@faroretaillab.es | H8: 603 918 440 | I8: Barcelona | J8: Retail | K8: Email outbound | L8: Elena | M8: Sin contactar | N8: 7800 | O8: 0.2 | P8: =IF($A8="","",IF(COUNTIF(Actividad!$B$2:$B$500,$A8)=0,"",LOOKUP(2,1/(Actividad!$B$2:$B$500=$A8),Actividad!$A$2:$A$500))) -> 46121 | Q8: =IF($A8="","",IF(COUNTIFS(Actividad!$B$2:$B$500,$A8,Actividad!$G$2:$G$500,"<>")=0,"",LOOKUP(2,1/((Actividad!$B$2:$B$500=$A8)*(Actividad!$G$2:$G$500<>"")),Actividad!$G$2:$G$500))) -> 46129 | R8: =IF(OR($A8="",$P8=""),"",TODAY()-$P8) -> 5 | S8: =IF($A8="","",IF(OR($M8="Perdido",$M8="Pausado",$C8="Excliente"),"Sin fecha",IF($Q8="","Sin fecha",IF($Q8<TODAY(),"Vencido",IF($Q8=TODAY(),"Hoy",IF($Q8<=TODAY()+7,"Próx. 7 días","Planificado")))))) -> Próx. 7 días | T8: 2 | U8: =IF($A8="","",ROUND($N8*$O8,0)) -> 1560 | V8: =IF($A8="","",MIN(100,ROUND(($O8*45)+IF($S8="Vencido",30,IF($S8="Hoy",25,IF($S8="Próx. 7 días",15,0)))+IF($N8>=15000,20,IF($N8>=8000,15,IF($N8>=3000,10,5))),0))) -> 34 | W8: =IF($A8="","",IF($C8="Excliente","Bajo",IF($V8>=75,"Alto",IF($V8>=50,"Medio","Bajo")))) -> Bajo | X8: Lead nuevo procedente de campaña outbound. | Y8: =IF(OR($A8="",$Q8="",$Q8<TODAY(),$S8="Vencido"),"",COUNTIFS($Q$2:$Q$500,">="&TODAY(),$Q$2:$Q$500,"<"&$Q8)+COUNTIF($Q$2:$Q8,$Q8)) -> 4
A9: CL-008 | B9: 45987 | C9: Lead | D9: Terraza Arquitectura Viva | E9: Irene Roig | F9: Socia directora | G9: irene.roig@terrazaviva.es | H9: 620 115 062 | I9: Valencia | J9: Arquitectura | K9: Instagram | L9: Laura | M9: Pausado | N9: 14000 | O9: 0.35 | P9: =IF($A9="","",IF(COUNTIF(Actividad!$B$2:$B$500,$A9)=0,"",LOOKUP(2,1/(Actividad!$B$2:$B$500=$A9),Actividad!$A$2:$A$500))) -> 46077 | Q9: =IF($A9="","",IF(COUNTIFS(Actividad!$B$2:$B$500,$A9,Actividad!$G$2:$G$500,"<>")=0,"",LOOKUP(2,1/((Actividad!$B$2:$B$500=$A9)*(Actividad!$G$2:$G$500<>"")),Actividad!$G$2:$G$500))) -> 46075 | R9: =IF(OR($A9="",$P9=""),"",TODAY()-$P9) -> 49 | S9: =IF($A9="","",IF(OR($M9="Perdido",$M9="Pausado",$C9="Excliente"),"Sin fecha",IF($Q9="","Sin fecha",IF($Q9<TODAY(),"Vencido",IF($Q9=TODAY(),"Hoy",IF($Q9<=TODAY()+7,"Próx. 7 días","Planificado")))))) -> Sin fecha | T9: 3 | U9: =IF($A9="","",ROUND($N9*$O9,0)) -> 4900 | V9: =IF($A9="","",MIN(100,ROUND(($O9*45)+IF($S9="Vencido",30,IF($S9="Hoy",25,IF($S9="Próx. 7 días",15,0)))+IF($N9>=15000,20,IF($N9>=8000,15,IF($N9>=3000,10,5))),0))) -> 31 | W9: =IF($A9="","",IF($C9="Excliente","Bajo",IF($V9>=75,"Alto",IF($V9>=50,"Medio","Bajo")))) -> Bajo | X9: Proyecto congelado hasta el tercer trimestre. | Y9: =IF(OR($A9="",$Q9="",$Q9<TODAY(),$S9="Vencido"),"",COUNTIFS($Q$2:$Q$500,">="&TODAY(),$Q$2:$Q$500,"<"&$Q9)+COUNTIF($Q$2:$Q9,$Q9))
A10: CL-009 | B10: 45888 | C10: Cliente recurrente | D10: Puerto Azul Cowork | E10: Clara Requena | F10: Dirección | G10: clara.requena@puertoazulcw.es | H10: 678 211 540 | I10: Alicante | J10: Inmobiliario | K10: Recomendación cliente | L10: Javier | M10: Ganado | N10: 18000 | O10: 1 | P10: =IF($A10="","",IF(COUNTIF(Actividad!$B$2:$B$500,$A10)=0,"",LOOKUP(2,1/(Actividad!$B$2:$B$500=$A10),Actividad!$A$2:$A$500))) -> 46113 | Q10: =IF($A10="","",IF(COUNTIFS(Actividad!$B$2:$B$500,$A10,Actividad!$G$2:$G$500,"<>")=0,"",LOOKUP(2,1/((Actividad!$B$2:$B$500=$A10)*(Actividad!$G$2:$G$500<>"")),Actividad!$G$2:$G$500))) -> 46141 | R10: =IF(OR($A10="",$P10=""),"",TODAY()-$P10) -> 13 | S10: =IF($A10="","",IF(OR($M10="Perdido",$M10="Pausado",$C10="Excliente"),"Sin fecha",IF($Q10="","Sin fecha",IF($Q10<TODAY(),"Vencido",IF($Q10=TODAY(),"Hoy",IF($Q10<=TODAY()+7,"Próx. 7 días","Planificado")))))) -> Planificado | T10: 5 | U10: =IF($A10="","",ROUND($N10*$O10,0)) -> 18000 | V10: =IF($A10="","",MIN(100,ROUND(($O10*45)+IF($S10="Vencido",30,IF($S10="Hoy",25,IF($S10="Próx. 7 días",15,0)))+IF($N10>=15000,20,IF($N10>=8000,15,IF($N10>=3000,10,5))),0))) -> 65 | W10: =IF($A10="","",IF($C10="Excliente","Bajo",IF($V10>=75,"Alto",IF($V10>=50,"Medio","Bajo")))) -> Medio | X10: Cuenta recurrente; muy buen margen y referrals frecuentes. | Y10: =IF(OR($A10="",$Q10="",$Q10<TODAY(),$S10="Vencido"),"",COUNTIFS($Q$2:$Q$500,">="&TODAY(),$Q$2:$Q$500,"<"&$Q10)+COUNTIF($Q$2:$Q10,$Q10)) -> 7
A11: CL-010 | B11: 46052 | C11: Lead | D11: Lumen Media House | E11: Daniel Artal | F11: Producción | G11: daniel.artal@lumenmedia.house | H11: 629 555 880 | I11: Madrid | J11: Marketing | K11: Evento propio | L11: Elena | M11: Propuesta enviada | N11: 13000 | O11: 0.55 | P11: =IF($A11="","",IF(COUNTIF(Actividad!$B$2:$B$500,$A11)=0,"",LOOKUP(2,1/(Actividad!$B$2:$B$500=$A11),Actividad!$A$2:$A$500))) -> 46108 | Q11: =IF($A11="","",IF(COUNTIFS(Actividad!$B$2:$B$500,$A11,Actividad!$G$2:$G$500,"<>")=0,"",LOOKUP(2,1/((Actividad!$B$2:$B$500=$A11)*(Actividad!$G$2:$G$500<>"")),Actividad!$G$2:$G$500))) -> 46127 | R11: =IF(OR($A11="",$P11=""),"",TODAY()-$P11) -> 18 | S11: =IF($A11="","",IF(OR($M11="Perdido",$M11="Pausado",$C11="Excliente"),"Sin fecha",IF($Q11="","Sin fecha",IF($Q11<TODAY(),"Vencido",IF($Q11=TODAY(),"Hoy",IF($Q11<=TODAY()+7,"Próx. 7 días","Planificado")))))) -> Próx. 7 días | T11: 4 | U11: =IF($A11="","",ROUND($N11*$O11,0)) -> 7150 | V11: =IF($A11="","",MIN(100,ROUND(($O11*45)+IF($S11="Vencido",30,IF($S11="Hoy",25,IF($S11="Próx. 7 días",15,0)))+IF($N11>=15000,20,IF($N11>=8000,15,IF($N11>=3000,10,5))),0))) -> 55 | W11: =IF($A11="","",IF($C11="Excliente","Bajo",IF($V11>=75,"Alto",IF($V11>=50,"Medio","Bajo")))) -> Medio | X11: Quieren cerrar antes del lanzamiento de junio. | Y11: =IF(OR($A11="",$Q11="",$Q11<TODAY(),$S11="Vencido"),"",COUNTIFS($Q$2:$Q$500,">="&TODAY(),$Q$2:$Q$500,"<"&$Q11)+COUNTIF($Q$2:$Q11,$Q11)) -> 2
A12: CL-011 | B12: 45992 | C12: Lead | D12: Nodo Logística Fría | E12: Beatriz Mena | F12: Compras | G12: beatriz.mena@nodofrio.es | H12: 615 809 740 | I12: Murcia | J12: Logística | K12: Llamada fría | L12: Javier | M12: Perdido | N12: 11000 | O12: 0.1 | P12: =IF($A12="","",IF(COUNTIF(Actividad!$B$2:$B$500,$A12)=0,"",LOOKUP(2,1/(Actividad!$B$2:$B$500=$A12),Actividad!$A$2:$A$500))) -> 46040 | Q12: =IF($A12="","",IF(COUNTIFS(Actividad!$B$2:$B$500,$A12,Actividad!$G$2:$G$500,"<>")=0,"",LOOKUP(2,1/((Actividad!$B$2:$B$500=$A12)*(Actividad!$G$2:$G$500<>"")),Actividad!$G$2:$G$500))) | R12: =IF(OR($A12="",$P12=""),"",TODAY()-$P12) -> 86 | S12: =IF($A12="","",IF(OR($M12="Perdido",$M12="Pausado",$C12="Excliente"),"Sin fecha",IF($Q12="","Sin fecha",IF($Q12<TODAY(),"Vencido",IF($Q12=TODAY(),"Hoy",IF($Q12<=TODAY()+7,"Próx. 7 días","Planificado")))))) -> Sin fecha | T12: 2 | U12: =IF($A12="","",ROUND($N12*$O12,0)) -> 1100 | V12: =IF($A12="","",MIN(100,ROUND(($O12*45)+IF($S12="Vencido",30,IF($S12="Hoy",25,IF($S12="Próx. 7 días",15,0)))+IF($N12>=15000,20,IF($N12>=8000,15,IF($N12>=3000,10,5))),0))) -> 20 | W12: =IF($A12="","",IF($C12="Excliente","Bajo",IF($V12>=75,"Alto",IF($V12>=50,"Medio","Bajo")))) -> Bajo | X12: Presupuesto fuera de rango; reactivar más adelante. | Y12: =IF(OR($A12="",$Q12="",$Q12<TODAY(),$S12="Vencido"),"",COUNTIFS($Q$2:$Q$500,">="&TODAY(),$Q$2:$Q$500,"<"&$Q12)+COUNTIF($Q$2:$Q12,$Q12))
A13: CL-012 | B13: 46034 | C13: Lead | D13: Kairós Talento Digital | E13: Pablo Serra | F13: Talent Lead | G13: pablo.serra@kairostalento.digital | H13: 640 901 123 | I13: Barcelona | J13: RRHH | K13: LinkedIn | L13: Laura | M13: Negociación | N13: 15000 | O13: 0.7 | P13: =IF($A13="","",IF(COUNTIF(Actividad!$B$2:$B$500,$A13)=0,"",LOOKUP(2,1/(Actividad!$B$2:$B$500=$A13),Actividad!$A$2:$A$500))) -> 46116 | Q13: =IF($A13="","",IF(COUNTIFS(Actividad!$B$2:$B$500,$A13,Actividad!$G$2:$G$500,"<>")=0,"",LOOKUP(2,1/((Actividad!$B$2:$B$500=$A13)*(Actividad!$G$2:$G$500<>"")),Actividad!$G$2:$G$500))) -> 46134 | R13: =IF(OR($A13="",$P13=""),"",TODAY()-$P13) -> 10 | S13: =IF($A13="","",IF(OR($M13="Perdido",$M13="Pausado",$C13="Excliente"),"Sin fecha",IF($Q13="","Sin fecha",IF($Q13<TODAY(),"Vencido",IF($Q13=TODAY(),"Hoy",IF($Q13<=TODAY()+7,"Próx. 7 días","Planificado")))))) -> Planificado | T13: 4 | U13: =IF($A13="","",ROUND($N13*$O13,0)) -> 10500 | V13: =IF($A13="","",MIN(100,ROUND(($O13*45)+IF($S13="Vencido",30,IF($S13="Hoy",25,IF($S13="Próx. 7 días",15,0)))+IF($N13>=15000,20,IF($N13>=8000,15,IF($N13>=3000,10,5))),0))) -> 52 | W13: =IF($A13="","",IF($C13="Excliente","Bajo",IF($V13>=75,"Alto",IF($V13>=50,"Medio","Bajo")))) -> Medio | X13: Negociación avanzada; falta validar condiciones de pago. | Y13: =IF(OR($A13="",$Q13="",$Q13<TODAY(),$S13="Vencido"),"",COUNTIFS($Q$2:$Q$500,">="&TODAY(),$Q$2:$Q$500,"<"&$Q13)+COUNTIF($Q$2:$Q13,$Q13)) -> 6
... A17: CL-016 | B17: 45847 | C17: Excliente | D17: Velaria Tech Crafts | E17: Tomás Dueñas | F17: CEO | G17: tomas.duenas@velariatech.es | H17: 697 214 922 | I17: A Coruña | J17: Tecnología | K17: Partner | L17: Elena | M17: Pausado | N17: 5000 | O17: 0.05 | P17: =IF($A17="","",IF(COUNTIF(Actividad!$B$2:$B$500,$A17)=0,"",LOOKUP(2,1/(Actividad!$B$2:$B$500=$A17),Actividad!$A$2:$A$500))) -> 46052 | Q17: =IF($A17="","",IF(COUNTIFS(Actividad!$B$2:$B$500,$A17,Actividad!$G$2:$G$500,"<>")=0,"",LOOKUP(2,1/((Actividad!$B$2:$B$500=$A17)*(Actividad!$G$2:$G$500<>"")),Actividad!$G$2:$G$500))) -> 45996 | R17: =IF(OR($A17="",$P17=""),"",TODAY()-$P17) -> 74 | S17: =IF($A17="","",IF(OR($M17="Perdido",$M17="Pausado",$C17="Excliente"),"Sin fecha",IF($Q17="","Sin fecha",IF($Q17<TODAY(),"Vencido",IF($Q17=TODAY(),"Hoy",IF($Q17<=TODAY()+7,"Próx. 7 días","Planificado")))))) -> Sin fecha | T17: 2 | U17: =IF($A17="","",ROUND($N17*$O17,0)) -> 250 | V17: =IF($A17="","",MIN(100,ROUND(($O17*45)+IF($S17="Vencido",30,IF($S17="Hoy",25,IF($S17="Próx. 7 días",15,0)))+IF($N17>=15000,20,IF($N17>=8000,15,IF($N17>=3000,10,5))),0))) -> 12 | W17: =IF($A17="","",IF($C17="Excliente","Bajo",IF($V17>=75,"Alto",IF($V17>=50,"Medio","Bajo")))) -> Bajo | X17: Cuenta cerrada el año pasado; vigilar reactivación puntual. | Y17: =IF(OR($A17="",$Q17="",$Q17<TODAY(),$S17="Vencido"),"",COUNTIFS($Q$2:$Q$500,">="&TODAY(),$Q$2:$Q$500,"<"&$Q17)+COUNTIF($Q$2:$Q17,$Q17))
P18: =IF($A18="","",IF(COUNTIF(Actividad!$B$2:$B$500,$A18)=0,"",LOOKUP(2,1/(Actividad!$B$2:$B$500=$A18),Actividad!$A$2:$A$500))) | Q18: =IF($A18="","",IF(COUNTIFS(Actividad!$B$2:$B$500,$A18,Actividad!$G$2:$G$500,"<>")=0,"",LOOKUP(2,1/((Actividad!$B$2:$B$500=$A18)*(Actividad!$G$2:$G$500<>"")),Actividad!$G$2:$G$500))) | R18: =IF(OR($A18="",$P18=""),"",TODAY()-$P18) | S18: =IF($A18="","",IF(OR($M18="Perdido",$M18="Pausado",$C18="Excliente"),"Sin fecha",IF($Q18="","Sin fecha",IF($Q18<TODAY(),"Vencido",IF($Q18=TODAY(),"Hoy",IF($Q18<=TODAY()+7,"Próx. 7 días","Planificado")))))) | U18: =IF($A18="","",ROUND($N18*$O18,0)) | V18: =IF($A18="","",MIN(100,ROUND(($O18*45)+IF($S18="Vencido",30,IF($S18="Hoy",25,IF($S18="Próx. 7 días",15,0)))+IF($N18>=15000,20,IF($N18>=8000,15,IF($N18>=3000,10,5))),0))) | W18: =IF($A18="","",IF($C18="Excliente","Bajo",IF($V18>=75,"Alto",IF($V18>=50,"Medio","Bajo")))) | Y18: =IF(OR($A18="",$Q18="",$Q18<TODAY(),$S18="Vencido"),"",COUNTIFS($Q$2:$Q$500,">="&TODAY(),$Q$2:$Q$500,"<"&$Q18)+COUNTIF($Q$2:$Q18,$Q18))
P19: =IF($A19="","",IF(COUNTIF(Actividad!$B$2:$B$500,$A19)=0,"",LOOKUP(2,1/(Actividad!$B$2:$B$500=$A19),Actividad!$A$2:$A$500))) | Q19: =IF($A19="","",IF(COUNTIFS(Actividad!$B$2:$B$500,$A19,Actividad!$G$2:$G$500,"<>")=0,"",LOOKUP(2,1/((Actividad!$B$2:$B$500=$A19)*(Actividad!$G$2:$G$500<>"")),Actividad!$G$2:$G$500))) | R19: =IF(OR($A19="",$P19=""),"",TODAY()-$P19) | S19: =IF($A19="","",IF(OR($M19="Perdido",$M19="Pausado",$C19="Excliente"),"Sin fecha",IF($Q19="","Sin fecha",IF($Q19<TODAY(),"Vencido",IF($Q19=TODAY(),"Hoy",IF($Q19<=TODAY()+7,"Próx. 7 días","Planificado")))))) | U19: =IF($A19="","",ROUND($N19*$O19,0)) | V19: =IF($A19="","",MIN(100,ROUND(($O19*45)+IF($S19="Vencido",30,IF($S19="Hoy",25,IF($S19="Próx. 7 días",15,0)))+IF($N19>=15000,20,IF($N19>=8000,15,IF($N19>=3000,10,5))),0))) | W19: =IF($A19="","",IF($C19="Excliente","Bajo",IF($V19>=75,"Alto",IF($V19>=50,"Medio","Bajo")))) | Y19: =IF(OR($A19="",$Q19="",$Q19<TODAY(),$S19="Vencido"),"",COUNTIFS($Q$2:$Q$500,">="&TODAY(),$Q$2:$Q$500,"<"&$Q19)+COUNTIF($Q$2:$Q19,$Q19))
P20: =IF($A20="","",IF(COUNTIF(Actividad!$B$2:$B$500,$A20)=0,"",LOOKUP(2,1/(Actividad!$B$2:$B$500=$A20),Actividad!$A$2:$A$500))) | Q20: =IF($A20="","",IF(COUNTIFS(Actividad!$B$2:$B$500,$A20,Actividad!$G$2:$G$500,"<>")=0,"",LOOKUP(2,1/((Actividad!$B$2:$B$500=$A20)*(Actividad!$G$2:$G$500<>"")),Actividad!$G$2:$G$500))) | R20: =IF(OR($A20="",$P20=""),"",TODAY()-$P20) | S20: =IF($A20="","",IF(OR($M20="Perdido",$M20="Pausado",$C20="Excliente"),"Sin fecha",IF($Q20="","Sin fecha",IF($Q20<TODAY(),"Vencido",IF($Q20=TODAY(),"Hoy",IF($Q20<=TODAY()+7,"Próx. 7 días","Planificado")))))) | U20: =IF($A20="","",ROUND($N20*$O20,0)) | V20: =IF($A20="","",MIN(100,ROUND(($O20*45)+IF($S20="Vencido",30,IF($S20="Hoy",25,IF($S20="Próx. 7 días",15,0)))+IF($N20>=15000,20,IF($N20>=8000,15,IF($N20>=3000,10,5))),0))) | W20: =IF($A20="","",IF($C20="Excliente","Bajo",IF($V20>=75,"Alto",IF($V20>=50,"Medio","Bajo")))) | Y20: =IF(OR($A20="",$Q20="",$Q20<TODAY(),$S20="Vencido"),"",COUNTIFS($Q$2:$Q$500,">="&TODAY(),$Q$2:$Q$500,"<"&$Q20)+COUNTIF($Q$2:$Q20,$Q20))
P21: =IF($A21="","",IF(COUNTIF(Actividad!$B$2:$B$500,$A21)=0,"",LOOKUP(2,1/(Actividad!$B$2:$B$500=$A21),Actividad!$A$2:$A$500))) | Q21: =IF($A21="","",IF(COUNTIFS(Actividad!$B$2:$B$500,$A21,Actividad!$G$2:$G$500,"<>")=0,"",LOOKUP(2,1/((Actividad!$B$2:$B$500=$A21)*(Actividad!$G$2:$G$500<>"")),Actividad!$G$2:$G$500))) | R21: =IF(OR($A21="",$P21=""),"",TODAY()-$P21) | S21: =IF($A21="","",IF(OR($M21="Perdido",$M21="Pausado",$C21="Excliente"),"Sin fecha",IF($Q21="","Sin fecha",IF($Q21<TODAY(),"Vencido",IF($Q21=TODAY(),"Hoy",IF($Q21<=TODAY()+7,"Próx. 7 días","Planificado")))))) | U21: =IF($A21="","",ROUND($N21*$O21,0)) | V21: =IF($A21="","",MIN(100,ROUND(($O21*45)+IF($S21="Vencido",30,IF($S21="Hoy",25,IF($S21="Próx. 7 días",15,0)))+IF($N21>=15000,20,IF($N21>=8000,15,IF($N21>=3000,10,5))),0))) | W21: =IF($A21="","",IF($C21="Excliente","Bajo",IF($V21>=75,"Alto",IF($V21>=50,"Medio","Bajo")))) | Y21: =IF(OR($A21="",$Q21="",$Q21<TODAY(),$S21="Vencido"),"",COUNTIFS($Q$2:$Q$500,">="&TODAY(),$Q$2:$Q$500,"<"&$Q21)+COUNTIF($Q$2:$Q21,$Q21))
P22: =IF($A22="","",IF(COUNTIF(Actividad!$B$2:$B$500,$A22)=0,"",LOOKUP(2,1/(Actividad!$B$2:$B$500=$A22),Actividad!$A$2:$A$500))) | Q22: =IF($A22="","",IF(COUNTIFS(Actividad!$B$2:$B$500,$A22,Actividad!$G$2:$G$500,"<>")=0,"",LOOKUP(2,1/((Actividad!$B$2:$B$500=$A22)*(Actividad!$G$2:$G$500<>"")),Actividad!$G$2:$G$500))) | R22: =IF(OR($A22="",$P22=""),"",TODAY()-$P22) | S22: =IF($A22="","",IF(OR($M22="Perdido",$M22="Pausado",$C22="Excliente"),"Sin fecha",IF($Q22="","Sin fecha",IF($Q22<TODAY(),"Vencido",IF($Q22=TODAY(),"Hoy",IF($Q22<=TODAY()+7,"Próx. 7 días","Planificado")))))) | U22: =IF($A22="","",ROUND($N22*$O22,0)) | V22: =IF($A22="","",MIN(100,ROUND(($O22*45)+IF($S22="Vencido",30,IF($S22="Hoy",25,IF($S22="Próx. 7 días",15,0)))+IF($N22>=15000,20,IF($N22>=8000,15,IF($N22>=3000,10,5))),0))) | W22: =IF($A22="","",IF($C22="Excliente","Bajo",IF($V22>=75,"Alto",IF($V22>=50,"Medio","Bajo")))) | Y22: =IF(OR($A22="",$Q22="",$Q22<TODAY(),$S22="Vencido"),"",COUNTIFS($Q$2:$Q$500,">="&TODAY(),$Q$2:$Q$500,"<"&$Q22)+COUNTIF($Q$2:$Q22,$Q22))
P23: =IF($A23="","",IF(COUNTIF(Actividad!$B$2:$B$500,$A23)=0,"",LOOKUP(2,1/(Actividad!$B$2:$B$500=$A23),Actividad!$A$2:$A$500))) | Q23: =IF($A23="","",IF(COUNTIFS(Actividad!$B$2:$B$500,$A23,Actividad!$G$2:$G$500,"<>")=0,"",LOOKUP(2,1/((Actividad!$B$2:$B$500=$A23)*(Actividad!$G$2:$G$500<>"")),Actividad!$G$2:$G$500))) | R23: =IF(OR($A23="",$P23=""),"",TODAY()-$P23) | S23: =IF($A23="","",IF(OR($M23="Perdido",$M23="Pausado",$C23="Excliente"),"Sin fecha",IF($Q23="","Sin fecha",IF($Q23<TODAY(),"Vencido",IF($Q23=TODAY(),"Hoy",IF($Q23<=TODAY()+7,"Próx. 7 días","Planificado")))))) | U23: =IF($A23="","",ROUND($N23*$O23,0)) | V23: =IF($A23="","",MIN(100,ROUND(($O23*45)+IF($S23="Vencido",30,IF($S23="Hoy",25,IF($S23="Próx. 7 días",15,0)))+IF($N23>=15000,20,IF($N23>=8000,15,IF($N23>=3000,10,5))),0))) | W23: =IF($A23="","",IF($C23="Excliente","Bajo",IF($V23>=75,"Alto",IF($V23>=50,"Medio","Bajo")))) | Y23: =IF(OR($A23="",$Q23="",$Q23<TODAY(),$S23="Vencido"),"",COUNTIFS($Q$2:$Q$500,">="&TODAY(),$Q$2:$Q$500,"<"&$Q23)+COUNTIF($Q$2:$Q23,$Q23))
P24: =IF($A24="","",IF(COUNTIF(Actividad!$B$2:$B$500,$A24)=0,"",LOOKUP(2,1/(Actividad!$B$2:$B$500=$A24),Actividad!$A$2:$A$500))) | Q24: =IF($A24="","",IF(COUNTIFS(Actividad!$B$2:$B$500,$A24,Actividad!$G$2:$G$500,"<>")=0,"",LOOKUP(2,1/((Actividad!$B$2:$B$500=$A24)*(Actividad!$G$2:$G$500<>"")),Actividad!$G$2:$G$500))) | R24: =IF(OR($A24="",$P24=""),"",TODAY()-$P24) | S24: =IF($A24="","",IF(OR($M24="Perdido",$M24="Pausado",$C24="Excliente"),"Sin fecha",IF($Q24="","Sin fecha",IF($Q24<TODAY(),"Vencido",IF($Q24=TODAY(),"Hoy",IF($Q24<=TODAY()+7,"Próx. 7 días","Planificado")))))) | U24: =IF($A24="","",ROUND($N24*$O24,0)) | V24: =IF($A24="","",MIN(100,ROUND(($O24*45)+IF($S24="Vencido",30,IF($S24="Hoy",25,IF($S24="Próx. 7 días",15,0)))+IF($N24>=15000,20,IF($N24>=8000,15,IF($N24>=3000,10,5))),0))) | W24: =IF($A24="","",IF($C24="Excliente","Bajo",IF($V24>=75,"Alto",IF($V24>=50,"Medio","Bajo")))) | Y24: =IF(OR($A24="",$Q24="",$Q24<TODAY(),$S24="Vencido"),"",COUNTIFS($Q$2:$Q$500,">="&TODAY(),$Q$2:$Q$500,"<"&$Q24)+COUNTIF($Q$2:$Q24,$Q24))
P25: =IF($A25="","",IF(COUNTIF(Actividad!$B$2:$B$500,$A25)=0,"",LOOKUP(2,1/(Actividad!$B$2:$B$500=$A25),Actividad!$A$2:$A$500))) | Q25: =IF($A25="","",IF(COUNTIFS(Actividad!$B$2:$B$500,$A25,Actividad!$G$2:$G$500,"<>")=0,"",LOOKUP(2,1/((Actividad!$B$2:$B$500=$A25)*(Actividad!$G$2:$G$500<>"")),Actividad!$G$2:$G$500))) | R25: =IF(OR($A25="",$P25=""),"",TODAY()-$P25) | S25: =IF($A25="","",IF(OR($M25="Perdido",$M25="Pausado",$C25="Excliente"),"Sin fecha",IF($Q25="","Sin fecha",IF($Q25<TODAY(),"Vencido",IF($Q25=TODAY(),"Hoy",IF($Q25<=TODAY()+7,"Próx. 7 días","Planificado")))))) | U25: =IF($A25="","",ROUND($N25*$O25,0)) | V25: =IF($A25="","",MIN(100,ROUND(($O25*45)+IF($S25="Vencido",30,IF($S25="Hoy",25,IF($S25="Próx. 7 días",15,0)))+IF($N25>=15000,20,IF($N25>=8000,15,IF($N25>=3000,10,5))),0))) | W25: =IF($A25="","",IF($C25="Excliente","Bajo",IF($V25>=75,"Alto",IF($V25>=50,"Medio","Bajo")))) | Y25: =IF(OR($A25="",$Q25="",$Q25<TODAY(),$S25="Vencido"),"",COUNTIFS($Q$2:$Q$500,">="&TODAY(),$Q$2:$Q$500,"<"&$Q25)+COUNTIF($Q$2:$Q25,$Q25))
P26: =IF($A26="","",IF(COUNTIF(Actividad!$B$2:$B$500,$A26)=0,"",LOOKUP(2,1/(Actividad!$B$2:$B$500=$A26),Actividad!$A$2:$A$500))) | Q26: =IF($A26="","",IF(COUNTIFS(Actividad!$B$2:$B$500,$A26,Actividad!$G$2:$G$500,"<>")=0,"",LOOKUP(2,1/((Actividad!$B$2:$B$500=$A26)*(Actividad!$G$2:$G$500<>"")),Actividad!$G$2:$G$500))) | R26: =IF(OR($A26="",$P26=""),"",TODAY()-$P26) | S26: =IF($A26="","",IF(OR($M26="Perdido",$M26="Pausado",$C26="Excliente"),"Sin fecha",IF($Q26="","Sin fecha",IF($Q26<TODAY(),"Vencido",IF($Q26=TODAY(),"Hoy",IF($Q26<=TODAY()+7,"Próx. 7 días","Planificado")))))) | U26: =IF($A26="","",ROUND($N26*$O26,0)) | V26: =IF($A26="","",MIN(100,ROUND(($O26*45)+IF($S26="Vencido",30,IF($S26="Hoy",25,IF($S26="Próx. 7 días",15,0)))+IF($N26>=15000,20,IF($N26>=8000,15,IF($N26>=3000,10,5))),0))) | W26: =IF($A26="","",IF($C26="Excliente","Bajo",IF($V26>=75,"Alto",IF($V26>=50,"Medio","Bajo")))) | Y26: =IF(OR($A26="",$Q26="",$Q26<TODAY(),$S26="Vencido"),"",COUNTIFS($Q$2:$Q$500,">="&TODAY(),$Q$2:$Q$500,"<"&$Q26)+COUNTIF($Q$2:$Q26,$Q26))
P27: =IF($A27="","",IF(COUNTIF(Actividad!$B$2:$B$500,$A27)=0,"",LOOKUP(2,1/(Actividad!$B$2:$B$500=$A27),Actividad!$A$2:$A$500))) | Q27: =IF($A27="","",IF(COUNTIFS(Actividad!$B$2:$B$500,$A27,Actividad!$G$2:$G$500,"<>")=0,"",LOOKUP(2,1/((Actividad!$B$2:$B$500=$A27)*(Actividad!$G$2:$G$500<>"")),Actividad!$G$2:$G$500))) | R27: =IF(OR($A27="",$P27=""),"",TODAY()-$P27) | S27: =IF($A27="","",IF(OR($M27="Perdido",$M27="Pausado",$C27="Excliente"),"Sin fecha",IF($Q27="","Sin fecha",IF($Q27<TODAY(),"Vencido",IF($Q27=TODAY(),"Hoy",IF($Q27<=TODAY()+7,"Próx. 7 días","Planificado")))))) | U27: =IF($A27="","",ROUND($N27*$O27,0)) | V27: =IF($A27="","",MIN(100,ROUND(($O27*45)+IF($S27="Vencido",30,IF($S27="Hoy",25,IF($S27="Próx. 7 días",15,0)))+IF($N27>=15000,20,IF($N27>=8000,15,IF($N27>=3000,10,5))),0))) | W27: =IF($A27="","",IF($C27="Excliente","Bajo",IF($V27>=75,"Alto",IF($V27>=50,"Medio","Bajo")))) | Y27: =IF(OR($A27="",$Q27="",$Q27<TODAY(),$S27="Vencido"),"",COUNTIFS($Q$2:$Q$500,">="&TODAY(),$Q$2:$Q$500,"<"&$Q27)+COUNTIF($Q$2:$Q27,$Q27))
P28: =IF($A28="","",IF(COUNTIF(Actividad!$B$2:$B$500,$A28)=0,"",LOOKUP(2,1/(Actividad!$B$2:$B$500=$A28),Actividad!$A$2:$A$500))) | Q28: =IF($A28="","",IF(COUNTIFS(Actividad!$B$2:$B$500,$A28,Actividad!$G$2:$G$500,"<>")=0,"",LOOKUP(2,1/((Actividad!$B$2:$B$500=$A28)*(Actividad!$G$2:$G$500<>"")),Actividad!$G$2:$G$500))) | R28: =IF(OR($A28="",$P28=""),"",TODAY()-$P28) | S28: =IF($A28="","",IF(OR($M28="Perdido",$M28="Pausado",$C28="Excliente"),"Sin fecha",IF($Q28="","Sin fecha",IF($Q28<TODAY(),"Vencido",IF($Q28=TODAY(),"Hoy",IF($Q28<=TODAY()+7,"Próx. 7 días","Planificado")))))) | U28: =IF($A28="","",ROUND($N28*$O28,0)) | V28: =IF($A28="","",MIN(100,ROUND(($O28*45)+IF($S28="Vencido",30,IF($S28="Hoy",25,IF($S28="Próx. 7 días",15,0)))+IF($N28>=15000,20,IF($N28>=8000,15,IF($N28>=3000,10,5))),0))) | W28: =IF($A28="","",IF($C28="Excliente","Bajo",IF($V28>=75,"Alto",IF($V28>=50,"Medio","Bajo")))) | Y28: =IF(OR($A28="",$Q28="",$Q28<TODAY(),$S28="Vencido"),"",COUNTIFS($Q$2:$Q$500,">="&TODAY(),$Q$2:$Q$500,"<"&$Q28)+COUNTIF($Q$2:$Q28,$Q28))
P29: =IF($A29="","",IF(COUNTIF(Actividad!$B$2:$B$500,$A29)=0,"",LOOKUP(2,1/(Actividad!$B$2:$B$500=$A29),Actividad!$A$2:$A$500))) | Q29: =IF($A29="","",IF(COUNTIFS(Actividad!$B$2:$B$500,$A29,Actividad!$G$2:$G$500,"<>")=0,"",LOOKUP(2,1/((Actividad!$B$2:$B$500=$A29)*(Actividad!$G$2:$G$500<>"")),Actividad!$G$2:$G$500))) | R29: =IF(OR($A29="",$P29=""),"",TODAY()-$P29) | S29: =IF($A29="","",IF(OR($M29="Perdido",$M29="Pausado",$C29="Excliente"),"Sin fecha",IF($Q29="","Sin fecha",IF($Q29<TODAY(),"Vencido",IF($Q29=TODAY(),"Hoy",IF($Q29<=TODAY()+7,"Próx. 7 días","Planificado")))))) | U29: =IF($A29="","",ROUND($N29*$O29,0)) | V29: =IF($A29="","",MIN(100,ROUND(($O29*45)+IF($S29="Vencido",30,IF($S29="Hoy",25,IF($S29="Próx. 7 días",15,0)))+IF($N29>=15000,20,IF($N29>=8000,15,IF($N29>=3000,10,5))),0))) | W29: =IF($A29="","",IF($C29="Excliente","Bajo",IF($V29>=75,"Alto",IF($V29>=50,"Medio","Bajo")))) | Y29: =IF(OR($A29="",$Q29="",$Q29<TODAY(),$S29="Vencido"),"",COUNTIFS($Q$2:$Q$500,">="&TODAY(),$Q$2:$Q$500,"<"&$Q29)+COUNTIF($Q$2:$Q29,$Q29))
... P500: =IF($A500="","",IF(COUNTIF(Actividad!$B$2:$B$500,$A500)=0,"",LOOKUP(2,1/(Actividad!$B$2:$B$500=$A500),Actividad!$A$2:$A$500))) | Q500: =IF($A500="","",IF(COUNTIFS(Actividad!$B$2:$B$500,$A500,Actividad!$G$2:$G$500,"<>")=0,"",LOOKUP(2,1/((Actividad!$B$2:$B$500=$A500)*(Actividad!$G$2:$G$500<>"")),Actividad!$G$2:$G$500))) | R500: =IF(OR($A500="",$P500=""),"",TODAY()-$P500) | S500: =IF($A500="","",IF(OR($M500="Perdido",$M500="Pausado",$C500="Excliente"),"Sin fecha",IF($Q500="","Sin fecha",IF($Q500<TODAY(),"Vencido",IF($Q500=TODAY(),"Hoy",IF($Q500<=TODAY()+7,"Próx. 7 días","Planificado")))))) | U500: =IF($A500="","",ROUND($N500*$O500,0)) | V500: =IF($A500="","",MIN(100,ROUND(($O500*45)+IF($S500="Vencido",30,IF($S500="Hoy",25,IF($S500="Próx. 7 días",15,0)))+IF($N500>=15000,20,IF($N500>=8000,15,IF($N500>=3000,10,5))),0))) | W500: =IF($A500="","",IF($C500="Excliente","Bajo",IF($V500>=75,"Alto",IF($V500>=50,"Medio","Bajo")))) | Y500: =IF(OR($A500="",$Q500="",$Q500<TODAY(),$S500="Vencido"),"",COUNTIFS($Q$2:$Q$500,">="&TODAY(),$Q$2:$Q$500,"<"&$Q500)+COUNTIF($Q$2:$Q500,$Q500))

Sheet Actividad
A1: Fecha actividad | B1: ID Cliente | C1: Tipo actividad | D1: Canal | E1: Resultado | F1: Responsable | G1: Próximo seguimiento | H1: Estado tarea | I1: Notas
A2: 46073 | B2: CL-001 | C2: Reunión | D2: Presencial | E2: Interés inicial | F2: Elena | G2: 46080 | H2: =IF(OR($E2="Ganado",$E2="Perdido"),"Cerrada",IF($G2="","Cerrada",IF($G2<TODAY(),"Vencida",IF($G2=TODAY(),"Hoy","Programada")))) -> Vencida | I2: Definición de alcance y objetivos del trimestre.
A3: 46101 | B3: CL-001 | C3: Propuesta | D3: Correo | E3: Ganado | F3: Elena | G3: 46150 | H3: =IF(OR($E3="Ganado",$E3="Perdido"),"Cerrada",IF($G3="","Cerrada",IF($G3<TODAY(),"Vencida",IF($G3=TODAY(),"Hoy","Programada")))) -> Cerrada | I3: Cierre de la propuesta principal y calendario de arranque.
A4: 46120 | B4: CL-001 | C4: Llamada | D4: Teléfono | E4: Seguimiento | F4: Elena | G4: 46150 | H4: =IF(OR($E4="Ganado",$E4="Perdido"),"Cerrada",IF($G4="","Cerrada",IF($G4<TODAY(),"Vencida",IF($G4=TODAY(),"Hoy","Programada")))) -> Programada | I4: Seguimiento postventa; oportunidad de ampliar servicios.
A5: 46109 | B5: CL-002 | C5: Email | D5: Correo | E5: Interés inicial | F5: Javier | G5: 46115 | H5: =IF(OR($E5="Ganado",$E5="Perdido"),"Cerrada",IF($G5="","Cerrada",IF($G5<TODAY(),"Vencida",IF($G5=TODAY(),"Hoy","Programada")))) -> Vencida | I5: Envío de caso similar y propuesta de reunión.
A6: 46117 | B6: CL-002 | C6: Llamada | D6: Teléfono | E6: Reunión cerrada | F6: Javier | G6: 46128 | H6: =IF(OR($E6="Ganado",$E6="Perdido"),"Cerrada",IF($G6="","Cerrada",IF($G6<TODAY(),"Vencida",IF($G6=TODAY(),"Hoy","Programada")))) -> Programada | I6: Reunión confirmada para revisar propuesta piloto.
A7: 46091 | B7: CL-003 | C7: Reunión | D7: Video | E7: Interés inicial | F7: Laura | G7: 46098 | H7: =IF(OR($E7="Ganado",$E7="Perdido"),"Cerrada",IF($G7="","Cerrada",IF($G7<TODAY(),"Vencida",IF($G7=TODAY(),"Hoy","Programada")))) -> Vencida | I7: Presentación del servicio y detección de necesidades.
A8: 46106 | B8: CL-003 | C8: Propuesta | D8: Correo | E8: Propuesta enviada | F8: Laura | G8: 46124 | H8: =IF(OR($E8="Ganado",$E8="Perdido"),"Cerrada",IF($G8="","Cerrada",IF($G8<TODAY(),"Vencida",IF($G8=TODAY(),"Hoy","Programada")))) -> Vencida | I8: Se envía propuesta técnica y económica.
A9: 46124 | B9: CL-003 | C9: Email | D9: Correo | E9: Pendiente info | F9: Laura | G9: 46130 | H9: =IF(OR($E9="Ganado",$E9="Perdido"),"Cerrada",IF($G9="","Cerrada",IF($G9<TODAY(),"Vencida",IF($G9=TODAY(),"Hoy","Programada")))) -> Programada | I9: Solicitan ajuste de cobertura para segunda planta.
A10: 46101 | B10: CL-004 | C10: Llamada | D10: Teléfono | E10: Pendiente info | F10: Elena | G10: 46117 | H10: =IF(OR($E10="Ganado",$E10="Perdido"),"Cerrada",IF($G10="","Cerrada",IF($G10<TODAY(),"Vencida",IF($G10=TODAY(),"Hoy","Programada")))) -> Vencida | I10: Esperan validación presupuestaria.
A11: 46080 | B11: CL-005 | C11: Reunión | D11: Presencial | E11: Interés inicial | F11: Javier | G11: 46086 | H11: =IF(OR($E11="Ganado",$E11="Perdido"),"Cerrada",IF($G11="","Cerrada",IF($G11<TODAY(),"Vencida",IF($G11=TODAY(),"Hoy","Programada")))) -> Vencida | I11: Reunión con dirección general.
A12: 46102 | B12: CL-005 | C12: Propuesta | D12: Correo | E12: Propuesta enviada | F12: Javier | G12: 46122 | H12: =IF(OR($E12="Ganado",$E12="Perdido"),"Cerrada",IF($G12="","Cerrada",IF($G12<TODAY(),"Vencida",IF($G12=TODAY(),"Hoy","Programada")))) -> Vencida | I12: Oferta revisada con dos escenarios.
A13: 46037 | B13: CL-006 | C13: Reunión | D13: Video | E13: Ganado | F13: Laura | G13: 46111 | H13: =IF(OR($E13="Ganado",$E13="Perdido"),"Cerrada",IF($G13="","Cerrada",IF($G13<TODAY(),"Vencida",IF($G13=TODAY(),"Hoy","Programada")))) -> Cerrada | I13: Cierre del paquete anual.
... A16: 46068 | B16: CL-008 | C16: Email | D16: Correo | E16: Interés inicial | F16: Laura | G16: 46075 | H16: =IF(OR($E16="Ganado",$E16="Perdido"),"Cerrada",IF($G16="","Cerrada",IF($G16<TODAY(),"Vencida",IF($G16=TODAY(),"Hoy","Programada")))) -> Vencida | I16: Interés inicial desde Instagram.
A17: 46077 | B17: CL-008 | C17: Llamada | D17: Teléfono | E17: Pendiente info | F17: Laura | H17: =IF(OR($E17="Ganado",$E17="Perdido"),"Cerrada",IF($G17="","Cerrada",IF($G17<TODAY(),"Vencida",IF($G17=TODAY(),"Hoy","Programada")))) -> Cerrada | I17: Proyecto en pausa hasta verano.
A18: 46044 | B18: CL-009 | C18: Renovación | D18: Correo | E18: Renovación | F18: Javier | G18: 46113 | H18: =IF(OR($E18="Ganado",$E18="Perdido"),"Cerrada",IF($G18="","Cerrada",IF($G18<TODAY(),"Vencida",IF($G18=TODAY(),"Hoy","Programada")))) -> Vencida | I18: Revisión del alcance anual.
A19: 46113 | B19: CL-009 | C19: Reunión | D19: Presencial | E19: Seguimiento | F19: Javier | G19: 46141 | H19: =IF(OR($E19="Ganado",$E19="Perdido"),"Cerrada",IF($G19="","Cerrada",IF($G19<TODAY(),"Vencida",IF($G19=TODAY(),"Hoy","Programada")))) -> Programada | I19: Se detecta necesidad de servicio complementario.
A20: 46108 | B20: CL-010 | C20: Propuesta | D20: Correo | E20: Propuesta enviada | F20: Elena | G20: 46127 | H20: =IF(OR($E20="Ganado",$E20="Perdido"),"Cerrada",IF($G20="","Cerrada",IF($G20<TODAY(),"Vencida",IF($G20=TODAY(),"Hoy","Programada")))) -> Programada | I20: Envío de propuesta con opción estándar y premium.
A21: 46040 | B21: CL-011 | C21: Llamada | D21: Teléfono | E21: Perdido | F21: Javier | H21: =IF(OR($E21="Ganado",$E21="Perdido"),"Cerrada",IF($G21="","Cerrada",IF($G21<TODAY(),"Vencida",IF($G21=TODAY(),"Hoy","Programada")))) -> Cerrada | I21: No encaja con el presupuesto actual.
A22: 46099 | B22: CL-012 | C22: Reunión | D22: Video | E22: Interés inicial | F22: Laura | G22: 46106 | H22: =IF(OR($E22="Ganado",$E22="Perdido"),"Cerrada",IF($G22="","Cerrada",IF($G22<TODAY(),"Vencida",IF($G22=TODAY(),"Hoy","Programada")))) -> Vencida | I22: Buena recepción; quieren propuesta económica.
A23: 46116 | B23: CL-012 | C23: Propuesta | D23: Correo | E23: Pendiente info | F23: Laura | G23: 46134 | H23: =IF(OR($E23="Ganado",$E23="Perdido"),"Cerrada",IF($G23="","Cerrada",IF($G23<TODAY(),"Vencida",IF($G23=TODAY(),"Hoy","Programada")))) -> Programada | I23: Ajustes de pagos y calendario.
A24: 46063 | B24: CL-013 | C24: Renovación | D24: Correo | E24: Renovación | F24: Elena | G24: 46119 | H24: =IF(OR($E24="Ganado",$E24="Perdido"),"Cerrada",IF($G24="","Cerrada",IF($G24<TODAY(),"Vencida",IF($G24=TODAY(),"Hoy","Programada")))) -> Vencida | I24: Renovación ejecutada sin incidencias.
A25: 46119 | B25: CL-013 | C25: Email | D25: Correo | E25: Seguimiento | F25: Elena | G25: 46149 | H25: =IF(OR($E25="Ganado",$E25="Perdido"),"Cerrada",IF($G25="","Cerrada",IF($G25<TODAY(),"Vencida",IF($G25=TODAY(),"Hoy","Programada")))) -> Programada | I25: Revisión de satisfacción y referral.
A26: 46113 | B26: CL-014 | C26: Llamada | D26: Teléfono | E26: Reunión cerrada | F26: Javier | G26: 46126 | H26: =IF(OR($E26="Ganado",$E26="Perdido"),"Cerrada",IF($G26="","Cerrada",IF($G26<TODAY(),"Vencida",IF($G26=TODAY(),"Hoy","Programada")))) -> Hoy | I26: Reunión con socios cerrada para hoy.
A27: 46107 | B27: CL-015 | C27: Webinar | D27: Video | E27: Interés inicial | F27: Laura | G27: 46114 | H27: =IF(OR($E27="Ganado",$E27="Perdido"),"Cerrada",IF($G27="","Cerrada",IF($G27<TODAY(),"Vencida",IF($G27=TODAY(),"Hoy","Programada")))) -> Vencida | I27: Asistencia al webinar y solicitud de dossier.
A28: 46114 | B28: CL-015 | C28: Email | D28: Correo | E28: Pendiente info | F28: Laura | G28: 46121 | H28: =IF(OR($E28="Ganado",$E28="Perdido"),"Cerrada",IF($G28="","Cerrada",IF($G28<TODAY(),"Vencida",IF($G28=TODAY(),"Hoy","Programada")))) -> Vencida | I28: Pendientes de confirmar asistentes y presupuesto.
A29: 45981 | B29: CL-016 | C29: Llamada | D29: Teléfono | E29: Seguimiento | F29: Elena | G29: 45996 | H29: =IF(OR($E29="Ganado",$E29="Perdido"),"Cerrada",IF($G29="","Cerrada",IF($G29<TODAY(),"Vencida",IF($G29=TODAY(),"Hoy","Programada")))) -> Vencida | I29: Último intento de reactivación.
A30: 46052 | B30: CL-016 | C30: Email | D30: Correo | E30: Perdido | F30: Elena | H30: =IF(OR($E30="Ganado",$E30="Perdido"),"Cerrada",IF($G30="","Cerrada",IF($G30<TODAY(),"Vencida",IF($G30=TODAY(),"Hoy","Programada")))) -> Cerrada | I30: Sin interés este semestre.

Sheet Listas
A1: Tipos_registro | B1: Origenes | C1: Responsables | D1: Estados_comerciales | E1: Satisfaccion | F1: Tipos_actividad | G1: Canales | H1: Resultados
A2: Lead | B2: Web | C2: Elena | D2: Sin contactar | E2: 1 | F2: Llamada | G2: Teléfono | H2: Sin respuesta
A3: Cliente | B3: LinkedIn | C3: Javier | D3: Contactado | E3: 2 | F3: Email | G3: Correo | H3: Interés inicial
A4: Cliente recurrente | B4: Instagram | C4: Laura | D4: Reunión agendada | E4: 3 | F4: Reunión | G4: Video | H4: Pendiente info
A5: Excliente | B5: Email outbound | D5: Propuesta enviada | E5: 4 | F5: WhatsApp | G5: Presencial | H5: Reunión cerrada
B6: Llamada fría | D6: Negociación | E6: 5 | F6: Visita | G6: WhatsApp | H6: Propuesta enviada
B7: Referido | D7: Ganado | F7: Propuesta | H7: Seguimiento
B8: Recomendación cliente | D8: Pausado | F8: Renovación | H8: Ganado
B9: Partner | D9: Perdido | F9: Webinar | H9: Perdido
B10: Webinar | H10: Renovación
B11: Feria sectorial
B12: Evento propio
